 Dungeon Crawl Stone Soup version 0.28.0-53-g5a82cb258f (webtiles) character file.

Game seed: 289958345896415623

36076 Zeld the Warrior (level 13, -2/174 (195) HPs)
             Began as a Minotaur Berserker on June 7, 2022.
             Was an Elder of Trog.
             Slain by a +2 demon trident of pain (4 damage)
             ... on level 14 of the Dungeon.
             The game lasted 00:15:18 (22673 turns).

Zeld the Warrior (Minotaur Berserker)              Turns: 22673, Time: 00:15:19

HP:   -2/174 (195)  AC: 21    Str: 36    XL:     13   Next: 51%
MP:   12/12         EV: 15    Int: 15    God:    Trog [****..]
Gold: 963           SH:  0    Dex: 15    Spells: 12/12 levels left

rFire   . . .      SeeInvis .   a - +3 broad axe (venom)
rCold   . . .      Faith    .   (no shield)
rNeg    . . .      Spirit   .   D - +6 chain mail of Vehumet's Generosity {rElec Dex+4 Slay+2}
rPois   +          Reflect  .   (helmet restricted)
rElec   +          Harm     .   (no cloak)
rCorr   .          Rampage  .   s - +0 pair of gloves of Holuh {Int+7}
Will    .....                   p - +0 pair of boots
Stlth   ..........              h - amulet "Tamnynt" {RegenMP rPois Str+4 Int+4}
HPRegen 0.39/turn               y - +6 ring of strength
MPRegen 0.53/turn               (no ring)

@: berserking (expiring), heavily drained, very quick
A: horns 2, retaliatory headbutt
a: Renounce Religion, Berserk, Trog's Hand, Brothers in Arms


You were on level 14 of the Dungeon.
You worshipped Trog.
Trog was greatly pleased with you.
You visited 2 branches of the dungeon, and saw 15 of its levels.

You collected 1428 gold pieces.
You spent 465 gold pieces at shops.

Inventory:

Hand Weapons
 a - a +3 broad axe of venom (weapon)
Armour
 p - a +0 pair of boots (worn)
 s - the +0 pair of gloves of Holuh (worn) {Int+7}
   (You bought it in a shop on level 1 of the Dungeon)

   Int:       It affects your intelligence (+7).
 D - the +6 chain mail of Vehumet's Generosity (worn) {rElec Dex+4 Slay+2}
   (You bought it in a shop on level 5 of the Dungeon)

   Dex:       It affects your dexterity (+4).
   Slay:      It affects your accuracy & damage with ranged weapons and melee
   (+2).
   rElec:     It insulates you from electricity.
Jewellery
 h - the amulet "Tamnynt" (around neck) {RegenMP rPois Str+4 Int+4}
   (You took it off a centaur on level 11 of the Dungeon)

   [amulet of magic regeneration]

   It increases your rate of magic regeneration.
   Str:       It affects your strength (+4).
   Int:       It affects your intelligence (+4).
   rPois:     It protects you from poison.
 y - a +6 ring of strength (left hand)
Wands
 b - a wand of iceblast (3)
 v - a wand of flame (23)
 A - a wand of paralysis (21)
 C - a wand of polymorph (6)
Scrolls
 c - 3 scrolls of teleportation
 g - 2 scrolls of holy word
 i - 3 scrolls of identify
 q - a scroll of magic mapping
 t - 4 scrolls of blinking
 x - a scroll of silence
 B - 2 scrolls of enchant armour
Potions
 d - 10 potions of curing
 e - 2 potions of berserk rage {unknown}
 f - a potion of heal wounds {unknown}
 j - 5 potions of haste {unknown}
 k - 2 potions of degeneration {unknown}
 l - 2 potions of lignification {unknown}
 m - 2 potions of resistance {unknown}
 n - 2 potions of ambrosia {unknown}
 r - 2 potions of might
 u - a potion of flight {unknown}
 w - a potion of magic {unknown}
 z - 2 potions of cancellation {unknown}


   Skills:
 * Level 16.4 Fighting
 * Level 16.4 Axes
 + Level 11.7 Armour
 + Level 10.8 Dodging


You had 12 spell levels left.
You didn't know any spells.
Your spell library was empty.

Dungeon Overview and Level Annotations

Branches:
Dungeon (14/15)            Temple (1/1) D:6            Lair (0/6) D:10
    Orc (0/2) D:9          Vaults (0/5) D:13

Altars:
Ashenzari
Cheibriados
Dithmenos
Elyvilon
Fedhas
Gozag
Hepliaklqana
Kikubaaqudgha
Makhleb
Nemelex Xobeh
Okawaru
Qazlal
Ru
Sif Muna
Trog
Uskayaw
Vehumet
Wu Jian
Xom
Yredelemnul
Zin
The Shining One

Shops:
D:1 [   D:5 [   D:9 [   D:14 :


Innate Abilities, Weirdness & Mutations

You have a pair of horns on your head.
You reflexively headbutt those who attack you in melee.


Message History

Your headbutt misses the +3 demon blade of draining.
The +3 demon blade of draining is heavily damaged.
The +2 demon trident of pain hits you from afar.
* * * LOW HITPOINT WARNING * * *
The +3 demon blade of draining hits you!
* * * LOW HITPOINT WARNING * * *
You feel drained.
* * * LOW HITPOINT WARNING * * *
You slice the +3 demon blade of draining!!
The +3 demon blade of draining falls from the air.
Trog accepts your kill.
The +2 demon trident of pain hits you but does no damage.
You slash the +2 demon whip of draining!
You headbutt the +2 demon whip of draining!
The +2 demon whip of draining is almost destroyed.
The +2 demon whip of draining hits you!
* * * LOW HITPOINT WARNING * * *
You feel drained.
The +2 demon trident of pain hits you from afar.
* * * LOW HITPOINT WARNING * * *
You slash the +2 demon whip of draining!
The +2 demon whip of draining falls from the air.
Trog accepts your kill.
The +2 demon trident of pain hits you from afar.
* * * LOW HITPOINT WARNING * * *
The +2 demon trident of pain hits you but does no damage.
There is an open translucent door, spattered with blood here.
Things that are here:
a +2 demon whip of draining; a +3 demon blade of draining You feel a strong urge to attack something.
The +2 demon trident of pain hits you!
* * * LOW HITPOINT WARNING * * *
You slash the +2 demon trident of pain!
The +2 demon trident of pain is heavily damaged.
The +2 demon trident of pain hits you!
* * * LOW HITPOINT WARNING * * *
You hit the +2 demon trident of pain.
The +2 demon trident of pain is severely damaged.
The +2 demon trident of pain hits you.
You die...

###.......###########.....# ###
.....:...................>#
#.#.#.###.###########.###.#
#.#.#.# #.# #.......).....#
#...#.###.# #..#########..#
#...#.....# #..##.....##..#
#.#...##########.......##.#
..#..)..|..##..#.......##.#
[..............)@.._...#..#######
.##.#.#.<#.##.##(......#.........
.##.#.#..#.##..#.......#..##...##
.##.#.##.#.######.....##....#.#..
....#....#.# #######.....#...
....######.########.#..(....#.#.?
....รท...............##....##...##
...)#######.##########.).........
....+.........# #........#######


You could see a +2 demon trident of pain.

Vanquished Creatures
  Nessos (D:14)
  Azrael (D:13)
  Snorg (D:14)
  The ghost of Sin92 the Fighter, a journeyman DsFi of Okawaru (D:11)
  Fannar (D:11)
  Erica (D:10)
  A boulder beetle (D:11)
  3 centaur warriors
  2 tengu warriors
  6 two-headed ogres
  A death knight (D:13)
  2 dancing weapons (D:14)
  A skeletal warrior (D:13)
  A fire crab (shapeshifter) (D:14)
  A deep troll (shapeshifter) (D:13)
  A phantasmal warrior (D:13)
  A lindwurm (D:13)
  2 deep elf pyromancers
  3 ugly things
  2 cyclopes
  5 manticores
  Joseph (D:10)
  3 gargoyles
  An unseen horror (D:12)
  A kobold demonologist (D:10)
  2 komodo dragons
  3 freezing wraiths (D:13)
  A queen bee (shapeshifter) (D:13)
  3 trolls
  Grinder (D:4)
  9 slime creatures (D:14)
  4 shadows
  2 wyverns
  2 centaur simulacra (D:11)
  6 wraiths
  4 yaks (D:10)
  2 basilisks (D:10)
  A steam dragon (D:9)
  3 fire elementals
  3 vampire mosquitoes (D:14)
  Edmund (D:4)
  An acid dragon (D:10)
  3 hell hounds (D:13)
  Duvessa (D:6)
  A swamp drake (D:10)
  6 orc warriors
  5 ice beasts
  3 black bears
  3 sky beasts
  12 centaurs
  3 ogres
  2 phantoms
  7 kobold brigands
  A bullfrog (D:7)
  2 wyvern zombies (D:6)
  3 scorpions
  Dowan (D:6)
  12 killer bees
  3 wights
  5 howler monkeys
  3 centaur zombies
  2 bullfrog zombies (D:6)
  2 hounds
  4 orc priests
  A gnoll shaman (D:7)
  2 centaur skeletons
  3 iguanas
  8 orc wizards
  A hound skeleton (D:4)
  A howler monkey zombie (D:9)
  3 gnolls (D:7)
  A howler monkey skeleton (D:7)
  6 adders
  2 shadow imps (D:6)
  4 white imps
  An ufetubus (D:5)
  A worm (D:4)
  31 orcs
  6 ball pythons
  6 endoplasms
  5 giant cockroaches
  3 goblins
  8 hobgoblins
  4 jackals (D:1)
  22 kobolds
  A quokka (D:3)
  8 bats
  7 frilled lizards
  6 rats
317 creatures vanquished.

Vanquished Creatures (others)
  A centaur (D:14)
1 creature vanquished.

Grand Total: 318 creatures vanquished

Notes
Turn   | Place    | Note
-------+----------+-------------------------------------------
     0 | D:1      | Zeld the Minotaur Berserker began the quest for the Orb.
     0 | D:1      | Reached XP level 1. HP: 19/19 MP: 0/0
   185 | D:1      | Reached XP level 2. HP: 27/27 MP: 1/1
   191 | D:1      | Found a faded altar of an unknown god.
   224 | D:1      | Found Wasei's Antique Armour Shop.
   750 | D:2      | Reached XP level 3. HP: 15/33 MP: 2/2
   750 | D:2      | Reached ** piety under Trog
  1268 | D:2      | You fall into a shaft and drop 2 floors!
  1629 | D:4      | Noticed Grinder
  1629 | D:4      | Paralysed by Grinder for 2 turns
  1652 | D:4      | Killed Grinder
  1653 | D:4      | Reached skill level 5 in Fighting
  1653 | D:4      | Reached skill level 5 in Axes
  1653 | D:4      | Reached XP level 4. HP: 12/42 MP: 3/3
  1653 | D:4      | Reached XP level 5. HP: 14/48 MP: 4/4
  2176 | D:3      | Reached XP level 6. HP: 46/56 MP: 5/5
  3805 | D:4      | Reached XP level 7. HP: 63/63 MP: 6/6
  4203 | D:4      | Found an opulent altar of Gozag.
  4283 | D:4      | Noticed Edmund
  4293 | D:4      | Killed Edmund
  4641 | D:5      | Entered Level 5 of the Dungeon
  4856 | D:1      | Bought a pair of glimmering gloves for 190 gold pieces
  4856 | D:1      | Identified the +0 pair of gloves of Holuh {Int+7} (You
                  | bought it in a shop on level 1 of the Dungeon)
  5043 | D:5      | Found Qocoacri's Antique Armour Shop.
  5121 | D:5      | Reached *** piety under Trog
  5423 | D:6      | Reached XP level 8. HP: 57/73 MP: 7/7
  5513 | D:6      | Found a staircase to the Ecumenical Temple.
  5567 | Temple   | Entered the Ecumenical Temple
  5770 | D:6      | Reached skill level 5 in Armour
  5903 | D:6      | Found a stormy altar of Qazlal.
  5906 | D:6      | Noticed an air elemental
  6136 | D:6      | Noticed Duvessa
  6136 | D:6      | Noticed Dowan
  6150 | D:6      | Killed Duvessa
  6151 | D:6      | Reached skill level 5 in Dodging
  6166 | D:6      | Killed Dowan
  6358 | D:6      | Found a glowing golden altar of the Shining One.
  6371 | D:6      | Found a white marble altar of Elyvilon.
  7233 | D:7      | Reached XP level 9. HP: 77/83 MP: 8/8
  9139 | D:7      | Reached skill level 10 in Fighting
  9335 | D:8      | Reached skill level 10 in Axes
  9769 | D:8      | Found a snail-covered altar of Cheibriados.
 10302 | D:8      | Found the +5 robe of Misfortune {Harm *Corrode *Slow EV+5}
 10594 | D:5      | Bought a bloodstained chain mail for 275 gold pieces
 10594 | D:5      | Identified the +6 chain mail of Vehumet's Generosity {rElec
                  | Dex+4 Slay+2} (You bought it in a shop on level 5 of the
                  | Dungeon)
 10755 | D:9      | Noticed a two-headed ogre
 10761 | D:9      | Killed a two-headed ogre
 10762 | D:9      | Reached XP level 10. HP: 94/94 MP: 9/9
 10951 | D:9      | Found a staircase to the Orcish Mines.
 10967 | D:9      | Found Ycvieb's Armour Boutique.
 11608 | D:9      | Reached **** piety under Trog
 11616 | D:9      | Identified a scroll of acquirement
 11642 | D:9      | Acquired 412 gold pieces
 11897 | D:10     | Entered Level 10 of the Dungeon
 12041 | D:10     | Noticed Erica
 12050 | D:10     | Killed Erica
 12532 | D:10     | Noticed Joseph
 12544 | D:10     | Killed Joseph
 12787 | D:10     | Noticed a gargoyle
 12804 | D:10     | Killed a gargoyle
 12994 | D:10     | Reached XP level 11. HP: 101/105 MP: 10/10
 13298 | D:10     | Found a bloodstained altar of Trog.
 13477 | D:10     | Noticed a two-headed ogre
 13485 | D:10     | Killed a two-headed ogre
 13865 | D:10     | Found a staircase to the Lair.
 14110 | D:11     | Noticed Sin92's ghost (journeyman DsFi)
 14207 | D:11     | Found a runed translucent gate.
 14207 | D:11     | Found a runed translucent gate.
 14207 | D:11     | Found a runed translucent gate.
 14416 | D:11     | Noticed Fannar
 14430 | D:11     | Killed Fannar
 14437 | D:11     | You fall into a shaft and drop 2 floors!
 15140 | D:12     | Noticed a two-headed ogre
 15144 | D:12     | Killed a two-headed ogre
 15155 | D:12     | Noticed a deep elf pyromancer
 15164 | D:12     | Killed a deep elf pyromancer
 15229 | D:11     | Identified the amulet "Tamnynt" {RegenMP rPois Str+4 Int+4}
 15399 | D:11     | Noticed a two-headed ogre
 15399 | D:11     | Noticed a boulder beetle
 15405 | D:11     | Killed a two-headed ogre
 15409 | D:11     | Killed a boulder beetle
 15938 | D:11     | Reached XP level 12. HP: 117/117 MP: 11/11
 16098 | D:11     | Killed Sin92's ghost
 16099 | D:11     | Reached skill level 10 in Armour
 16371 | D:12     | Noticed a two-headed ogre
 16377 | D:12     | Killed a two-headed ogre
 16888 | D:12     | Reached ***** piety under Trog
 17489 | D:13     | Noticed Azrael
 17489 | D:13     | Noticed a tengu warrior
 17690 | D:12     | Killed a tengu warrior
 18095 | D:13     | Killed Azrael
 18218 | D:13     | Noticed a death knight
 18592 | D:13     | Noticed a tengu warrior
 18598 | D:13     | Killed a tengu warrior
 18599 | D:13     | Reached skill level 15 in Fighting
 18639 | D:13     | Reached skill level 15 in Axes
 18698 | D:13     | Killed a death knight
 18701 | D:13     | Reached skill level 10 in Dodging
 19052 | D:13     | Noticed a centaur warrior
 19061 | D:13     | Killed a centaur warrior
 19500 | D:13     | Noticed a centaur warrior
 19508 | D:13     | Killed a centaur warrior
 19830 | D:13     | Reached XP level 13. HP: 127/127 MP: 12/12
 20134 | D:13     | Found a gate to the Vaults.
 20490 | D:14     | Found a runed translucent door.
 20495 | D:14     | Found a hide-covered altar of Uskayaw.
 20505 | D:14     | Noticed Snorg
 20719 | D:14     | Killed Snorg
 20978 | D:14     | Noticed Nessos
 20996 | D:14     | Killed Nessos
 22139 | D:14     | Found Gastruywn's Book Boutique.
 22672 | D:14     | HP: 2/174 [+2 demon trident of pain (9)]
 22673 | D:14     | Slain by a +2 demon trident of pain

Illustrated notes

Levels and vault maps discovered:
D:1:      saegor_arrival_under_anarchy, layout_basic,
          shapermc_ecumenical_altar_flowoftime, serial_shops,
          nicolae_lakefront_shop, minmay_lizard_pond
D:2:      layout_loops_ring
D:3:      layout_rooms
D:4:      minmay_skewed_foursquare, layout_basic, kennysheep_mini,
          serial_corexii_hall, chequers_hall_statues_corner_a,
          corexii_hall_statues_deadend, uniq_edmund, uniq_grinder
D:5:      layout_gridville, serial_shops, shop_fountains,
          minmay_misc_feat_enclosed
D:6:      layout_gridville, nicolae_overflow_squiral,
          nicolae_qazlal_style_of_elements, minmay_temple_entry_hall,
          minmay_fractal_squares_gapless_5, uniq_duvessa
D:7:      layout_gridville
D:8:      layout_basic, mainiacjoe_overflow_brackets
D:9:      layout_roguey, orc_david_3
D:10:     layout_cave_pods, kennysheep_little_box, erik_lair_dragon, uniq_erica,
          uniq_joseph
D:11:     layout_loops_ring, gammafunk_ghost_icy, uniq_fannar
D:12:     layout_stronghold
D:13:     layout_irregular_city, david_vaults_4, dk_noncrumbling_2, uniq_azrael
D:14:     layout_basic, nicolae_twisting_strands, serial_shops, shop,
          nicolae_danse_macabre, uniq_nessos, uniq_snorg
Temple:   eino_temple_rhombus

Skill      XL: |  1  2  3  4  5  6  7  8  9 10 11 12 13 |
---------------+----------------------------------------+-----
Fighting       | 4 5 6 7 9 10 12 14 15 16 | 16.4
Axes           | 4 5 6 7 9 10 12 13 15 16 | 16.4
Armour         | 3 4 6 7 8 9 11 | 11.7
Dodging        | 3 4 5 6 7 9 10 | 10.8

Action                   |  1- 3 |  4- 6 |  7- 9 | 10-12 | 13-15 || total
-------------------------+-------+-------+-------+-------+-------++-------
Melee: Hand axe          |    92 |    64 |   154 |       |       ||   310
       Headbutt          |    16 |     6 |    60 |    80 |    29 ||   191
       Punch             |       |       |     7 |     6 |     1 ||    14
       Short sword       |       |       |   154 |    62 |       ||   216
       Broad axe         |       |       |       |   296 |    99 ||   395
Invok: Berserk           |     1 |     2 |     9 |     9 |     3 ||    24
       Trog's Hand       |       |       |       |     3 |     1 ||     4
       Brothers in Arms  |       |       |       |       |     1 ||     1
  Use: Scroll            |       |       |       |    20 |     2 ||    22
 Stab: Sleeping          |     1 |       |     2 |       |       ||     3
Armor: Animal skin       |    11 |    13 |   118 |       |       ||   142
       Chain mail        |       |       |       |   224 |    60 ||   284
Dodge: Dodged            |    58 |    50 |   276 |   269 |    65 ||   718
